 Dungeon Crawl Stone Soup version 0.21.1-1-g345015f (webtiles) character file.

547 Aelig the Caller (level 7, -1/36 HPs)
             Began as a Tengu Summoner on Apr 23, 2018.
             Shot with an arrow by a centaur (9 damage)
             ... on level 6 of the Dungeon.
             The game lasted 00:16:15 (4897 turns).

Aelig the Caller (Tengu Summoner)                   Turns: 4897, Time: 00:16:16

Health: -1/36      AC:  4    Str:  9    XL:     7   Next: 28%
Magic:  6/11       EV: 14    Int: 17    God:
Gold:   244        SH:  0    Dex: 14    Spells: 7/10 levels left

rFire    . . .     SeeInvis .   a - +0 dagger (elec)
rCold    . . .     Gourm    .   (no shield)
rNeg     . . .     Faith    .   n - +0 leather armour
rPois    .         Spirit   .   (helmet restricted)
rElec    .         Reflect  .   d - +0 cloak
rCorr    .         Harm     .   (no gloves)
MR       +....                  (boots unavailable)
Stlth    ++........             (no amulet)
HPRegen  0.12/turn              r - ring of protection from magic
MPRegen  0.12/turn              (no ring)

@: no status effects
A: beak, talons 3, able to fly 1
a: Fly


You were on level 6 of the Dungeon.
You were not hungry.

You visited 2 branches of the dungeon, and saw 7 of its levels.

You collected 244 gold pieces.

Inventory:

Hand Weapons
 a - a +0 dagger of electrocution (weapon)
Missiles
 q - 156 stones (quivered)
Armour
 d - a +0 cloak (worn)
 n - a +0 leather armour (worn)
Jewellery
 f - an uncursed ring of ice
 r - a ring of protection from magic (left hand)
Wands
 t - a wand of iceblast (13)
Scrolls
 e - 2 scrolls of magic mapping {unknown}
 g - 2 scrolls of enchant armour {unknown}
 h - 3 scrolls of immolation {unknown}
 i - 6 scrolls of remove curse {unknown}
 l - 2 scrolls of enchant weapon {unknown}
 m - 2 scrolls of identify
 u - a scroll of teleportation {unknown}
 v - a scroll of blinking {unknown}
Potions
 j - 2 potions of invisibility
 k - 3 potions of might
 o - 3 potions of heal wounds
 p - 2 potions of agility
 s - 2 potions of curing
 w - a potion of mutation {unknown}
Books
 b - a book of Callings

   Spells                             Type                      Level
   a - Summon Small Mammal            Summoning                    1
   b - Call Imp                       Summoning                    2
   c - Call Canine Familiar           Summoning                    3
   d - Summon Guardian Golem          Hexes/Summoning              3
   e - Summon Lightning Spire         Summoning/Air                4
   f - Summon Ice Beast               Ice/Summoning                4
Comestibles
 c - 11 rations


   Skills:
 * Level 5.9 Short Blades
 + Level 4.9 Dodging
 - Level 2.0 Stealth
 - Level 2.0 Spellcasting
 - Level 6.0 Summonings


You had 7 spell levels left.
You knew the following spells:

 Your Spells              Type           Power        Failure   Level  Hunger
a - Summon Small Mammal   Summ           ###.         2%          1    #......
b - Call Imp              Summ           ###.....     3%          2    ###....


Dungeon Overview and Level Annotations

Branches:
Dungeon (6/15)             Temple (1/1) D:5

Altars:
Ashenzari
Cheibriados
Elyvilon
Fedhas
Gozag
Hepliaklqana
Makhleb
Okawaru
Qazlal
Ru
Sif Muna
Uskayaw
Vehumet
Wu Jian
Xom
Zin
The Shining One

Annotations:
D:3 Natasha; bmj180's ghost, amateur HOFi
D:4 Maskull's ghost, amateur TrMo
D:5 bmj180's ghost, novice HOFi


Innate Abilities, Weirdness & Mutations

You have a beak for a mouth.
You have claws for feet.
You can fly.


Message History

Your crimson imp hits the hound but does no damage.
Your white imp gestures at the hound.
The puff of frost hits the hound.
You hit the hound but do no damage. Lightning courses through the hound!
You kill the hound!
Something hits your crimson imp but does no damage.
Unknown command.
Your crimson imp disappears in a puff of smoke!
Your white imp gestures at the centaur.
The puff of frost hits the centaur.
The centaur misses your shadow imp.
Your crimson imp blinks!
Your white imp hits the centaur but does no damage.
The centaur wields a shortbow.
The centaur shoots an arrow.
The arrow hits your shadow imp!
Your shadow imp dies!
Casting: Call Imp
Confirm with . or Enter, or press ? or * to list all spells.
A beastly little devil appears in a puff of flame.
The centaur shoots an arrow.
The arrow hits you!
You die...

#...._..c....##
#...........##
#.......(.(.#
#._..⌠.._..##
#.......(..#
##.......### .#
#..._..c### .#
##.....5(5# .#
#......@.## .#
#....5....# .#
#.........# .
#.........##
####
#..........#
#..###
#..........#
.....###
##.....<...#
.......##
#.........#
..).....#
##........#


You could see a centaur, 2 friendly crimson imps and a friendly white imp.

Vanquished Creatures
  An ice beast (D:5)
  An ogre (D:6)
  A centaur skeleton (D:4)
  2 hounds
  Natasha (twice) (D:3)
  3 iguanas
  Robin (D:3)
  A worker ant zombie (D:5)
  3 adders
  An ooze (D:3)
  2 adder skeletons (D:4)
  2 worms (D:2)
  5 dart slugs
  3 leopard geckos
  3 orcs (D:3)
  2 ball pythons
  4 giant cockroaches
  9 goblins
  6 hobgoblins
  2 jackals (D:5)
  6 quokkas
  8 bats
  4 frilled lizards
  3 kobolds
  4 rats
79 creatures vanquished.

Vanquished Creatures (collateral kills)
  A hound (D:4)
  4 adders
  2 worms
  2 orcs
  A bat (D:3)
  2 giant cockroaches
  4 goblins
  2 hobgoblins
  A kobold (D:3)
19 creatures vanquished.

Grand Total: 98 creatures vanquished

Notes
Turn   | Place    | Note
-------+----------+-------------------------------------------
     0 | D:1      | Aelig the Tengu Summoner began the quest for the Orb.
     0 | D:1      | Reached XP level 1. HP: 10/10 MP: 4/4
     0 | D:1      | Noticed an orb of fire
     1 | D:1      | Noticed a large abomination
     1 | D:1      | Noticed a tentacled monstrosity
     3 | D:1      | Noticed a tentacled monstrosity
     5 | D:1      | Noticed a shadow dragon
     6 | D:1      | Noticed an iron dragon
     7 | D:1      | Noticed a white draconian
    10 | D:1      | Noticed a large abomination
    12 | D:1      | Noticed a red draconian
    14 | D:1      | Noticed a large abomination
    14 | D:1      | Noticed a large abomination
    14 | D:1      | Noticed an ice dragon
    16 | D:1      | Noticed a tentacled monstrosity
    16 | D:1      | Noticed a tentacled monstrosity
    18 | D:1      | Noticed an orb of fire
    20 | D:1      | Noticed a large abomination
   321 | D:1      | Reached skill level 5 in Summonings
   487 | D:1      | Reached XP level 2. HP: 11/15 MP: 6/6
   689 | D:1      | Reached skill level 1 in Short Blades
   879 | D:1      | Found an iron altar of Okawaru.
  1045 | D:2      | Learned a level 2 spell: Call Imp
  1138 | D:2      | Reached XP level 3. HP: 12/19 MP: 4/7
  1469 | D:2      | Reached XP level 4. HP: 24/24 MP: 8/8
  1905 | D:3      | Found a shimmering altar of Xom.
  1998 | D:3      | Found a hazy altar of Hepliaklqana.
  2104 | D:3      | Noticed Robin
  2113 | D:3      | Killed Robin
  2268 | D:3      | Noticed Natasha
  2280 | D:3      | Killed Natasha
  2280 | D:3      | Gained mutation: You can fly. [Tengu growth]
  2280 | D:3      | Reached XP level 5. HP: 27/28 MP: 6/9
  2394 | D:3      | Noticed Natasha
  2399 | D:3      | Killed Natasha
  2543 | D:3      | Noticed Natasha
  2544 | D:3      | Noticed bmj180's ghost (amateur HOFi)
  2795 | D:4      | Found a shattered altar of Ashenzari.
  2804 | D:4      | Noticed Maskull's ghost (amateur TrMo)
  2949 | D:4      | Reached skill level 6 in Summonings
  2949 | D:4      | Reached XP level 6. HP: 32/32 MP: 7/10
  3396 | D:5      | Entered Level 5 of the Dungeon
  3802 | D:5      | Found a snail-covered altar of Cheibriados.
  3859 | D:5      | Noticed bmj180's ghost (novice HOFi)
  3938 | D:5      | Found a staircase to the Ecumenical Temple.
  3948 | Temple   | Entered the Ecumenical Temple
  4160 | D:5      | Reached skill level 5 in Short Blades
  4508 | D:5      | Noticed an ice beast
  4541 | D:5      | Killed an ice beast
  4541 | D:5      | Reached XP level 7. HP: 36/36 MP: 3/11
  4856 | D:6      | Found a snail-covered altar of Cheibriados.
  4859 | D:6      | Found an ornate altar of the Wu Jian Council.
  4859 | D:6      | Found a white marble altar of Elyvilon.
  4862 | D:6      | Found a burning altar of Makhleb.
  4897 | D:6      | Shot with an arrow by a centaur

Skill      XL: |  1  2  3  4  5  6 |
---------------+-------------------+-----
Summonings     | 5 6 |  6.0
Short Blades   | 1 2 3 4 5 |  5.9
Dodging        | 3 4 |  4.9
Stealth        | |  2.0
Spellcasting   | |  2.0

Action                   |  1- 3 |  4- 6 |  7- 9 || total
-------------------------+-------+-------+-------++-------
Melee: Short sword       |    78 |    41 |       ||   119
       Kick              |    17 |    40 |     3 ||    60
       Unarmed           |     5 |       |       ||     5
       Peck              |    10 |    22 |     3 ||    35
       Dagger            |       |   151 |    13 ||   164
 Cast: Summon Small Mamm |    11 |     4 |       ||    15
       Call Imp          |     5 |    25 |     9 ||    39
  Use: Scroll            |       |     5 |       ||     5
 Stab: Distracted        |     1 |     1 |       ||     2
       Sleeping          |       |     4 |       ||     4
  Eat: Chunk             |     2 |    10 |       ||    12
       Ration            |       |     1 |       ||     1
Armor: Robe              |    14 |       |       ||    14
       Leather armour    |     1 |    47 |     1 ||    49
Dodge: Dodged            |    50 |   136 |     5 ||   191
